Zazza, neutral female human Tourist -------------- |...*.@......| ----- |......B.....| ######## |...| |....>.......|#%`################## |...-############## |........r..f-### # #....|# # --.-- ---.-|--------# # # |...|# ###|...| # ### # ---.-# #....| # ############ |...| # # |[<.| ### ### ----- # -.--------- ##..........| |.........| `####-.........| # ----------- ####### Zazza the Rambler Experience level: 1 Strength: 8 Dexterity: 12 Constitution: 18 Intelligence: 11 Wisdom: 9 Charisma: 18 Health: 0(15) Energy: 2(2) Def: 2 Gold: 1856 Moves: 2113 Dungeon seed: 1URQnHEkalGZpx1i Game ID: Zazza_1619107455 Your Inventory: Coins $ - 1856 gold pieces Weapons a - 29 +2 darts p - a +0 crossbow y - a +0 dagger Armor e - a blessed +0 Hawaiian shirt (being worn) r - an uncursed +0 pair of iron shoes (being worn) Comestibles b - an uncursed pancake c - an uncursed slime mold f - 7 uncursed food rations g - 2 uncursed eggs v - an uncursed lichen corpse Scrolls i - 4 uncursed scrolls of magic mapping Spellbooks s - an uncursed spellbook of detect food Potions h - 2 uncursed potions of extra healing l - an uncursed potion of water x - an uncursed potion of hallucination z - a blessed potion of gain ability Rings o - an uncursed ring of teleport control Wands w - a wand of lightning (0:7) A - a wand of light (0:11) Tools j - an expensive camera (0:42) k - an uncursed credit card t - an uncursed towel u - an uncursed magic lamp (lit) Gems n - an uncursed amethyst stone q - an uncursed worthless piece of red glass N - an uncursed topaz stone Spells and supernatural/magical abilities: Name Level Category Fail Memory E - detect food 2 divination 100% 97% W - pray for help -- divine ? -- Your skills at the end: Fighting Skills Weapon Skills dart [Basic] Spellcasting Skills Final Attributes: You were nominally aligned. You are dead. Vanquished creatures: a shrieker a kitten a kobold lord a hobbit 2 giant rats a gecko 11 jackals 2 foxes 3 kobolds a goblin 3 sewer rats a bat 3 lichens 7 newts 38 creatures vanquished. Voluntary challenges: You never hit with a wielded weapon. You were a pacifist. You read items or engraved 13 times, starting on turn 334. You never genocided any monsters. You never polymorphed an object. You never changed form. You used no wishes. You never split a pudding. You wrote Elbereth's name 6 times, starting on turn 340. You never violated your personal moral code. Dungeon overview: The Dungeons of Doom: levels 1 to 5 Level 1 an altar to Offler, a fountain a long staircase Level 2 an armor shop, a fountain Level 3 Level 4 a fountain stairs to The Gnomish Mines Level 5 <- You were here The Gnomish Mines: Level 5 stairs to The Dungeons of Doom History has recorded: On T:1 you entered the Dungeons of Doom to retrieve the Amulet of Yendor! On T:409 you reached level 2 of The Dungeons of Doom. On T:1079 you reached level 3 of The Dungeons of Doom. On T:1493 you reached level 4 of The Dungeons of Doom. On T:1527 you reached level 1 of The Gnomish Mines. On T:1902 you reached level 5 of The Dungeons of Doom. Score breakdown: Gold: 925 (10091 points) Experience: 1 level ( 0 points) Exploration: 5 levels ( 10.64%) ( 8846 points) Discoveries: 4 items ( 1.34%) ( 3475 points) Valuables value: (no points given unless you survive) Artifact value: 0 ( 0 points) Variety of kills: 14 monsters ( 3.67%) ( 5750 points) Turncount: 2113 turns ( -82 points) Survival: died (score multiplied by 80%) Total score: 22464 Latest messages: The kobold lord turns to flee! Armand bites the kobold lord. The kobold lord misses Armand. You write in the dust with your fingers. The giant rat turns to flee! Armand misses the kobold lord. The kobold lord turns to flee! The giant rat turns to flee! Armand bites the kobold lord. The kobold lord is killed! The giant rat turns to flee! The giant bat turns to flee! You see here a kobold lord corpse. You hear some noises. You hear some noises in the distance. You see here a yellowish brown gem. N - a yellowish brown gem. The giant bat bites! (2x) You write in the dust with your fingers. The giant bat bites! (2x) You die... Final status: Aloha Zazza the Tourist, killed by a giant bat... You died in The Dungeons of Doom on dungeon level 5 with 22464 points, and 1856 pieces of gold, after 2113 moves. You were level 1 with a maximum of 15 hit points when you died.